 Dungeon Crawl Stone Soup version 0.31-a0-788-ga445dbd2db (webtiles) character file.

Game seed: 8052201101728168474

189 Ijustatesigmund the Magician (level 5, -4/45 HPs)
             Began as a Deep Elf Fire Elementalist on Sept 18, 2023.
             Slain by a water moccasin zombie (7 damage)
             ... in an ossuary.
             The game lasted 00:06:37 (4526 turns).

Ijustatesigmund the Magician (DEFE)                 Turns: 4526, Time: 00:06:37

Health: -4/45      AC:  2    Str:  5    XL:     5   Next: 40%
Magic:  11/13      EV: 12    Int: 22    God:
Gold:   102        SH:  5    Dex: 15    Spells: 6/13 levels left

rFire   . . .        c - +0 short sword
rCold   . . .        (no shield)
rNeg    . . .        a - +0 robe
rPois   .            (no helmet)
rElec   .            (no cloak)
rCorr   .            (no gloves)
SInv    .            (no boots)
Will    .....        d - amulet of reflection Stlth
                     (no ring)
HPRegen 0.27/turn    (no ring)
MPRegen 0.13/turn

%: reflection
@: berserking, very quick
A: no striking features
a: no special abilities


You were in an ossuary.
You visited 1 branch of the dungeon, and saw 4 of its levels.
You also visited: Ossuary.

You collected 169 gold pieces.
You spent 67 gold pieces at shops.

Inventory:

Hand Weapons
 c - a +0 short sword (weapon)
Armour
 a - a +0 robe (worn)
 e - a +2 buckler
Jewellery
 d - an amulet of reflection (around neck)
Scrolls
 f - a scroll of blinking
 h - 3 scrolls of identify
Potions
 b - a potion of magic
 g - a potion of berserk rage
 j - 2 potions of curing
 k - a potion of haste


   Skills:
 - Level 1.9 Fighting
 - Level 2.4 Dodging
 - Level 2.4 Stealth
 + Level 0.5 Shields
 - Level 4.5 Spellcasting
 - Level 2.8 Conjurations
 - Level 4.4 Fire Magic


You had 6 spell levels left.
You knew the following spells:

 Your Spells              Type           Power      Damage    Failure   Level
a - Foxfire               Conj/Fire      80%        2x1d8     2%          1
b - Scorch                Fire           48%        2d7       2%          2
c - Flame Wave            Conj/Fire      20%        2d7       24%         4

Your spell library contained the following spells:

 Spells                   Type           Power      Damage    Failure   Level
 Shock                    Conj/Air       44%        1d5       6%          1
 Sting                    Tmut/Pois      16%        1d3       11%         1
 Inner Flame              Hex/Fire       14%        N/A       13%         3
 Volatile Blastmotes      Fire/Tloc      28%        2d12      13%         3
 Poisonous Vapours        Pois/Air       8%         N/A       16%         2
 Mephitic Cloud           Conj/Pois/Air  9%         N/A       22%         3
 Swiftness                Air            4%         N/A       32%         3
 Airstrike                Air            2%         2d(1-17)  71%         4
 Olgreb's Toxic Radiance  Pois           4%         N/A       71%         4
 Passage of Golubria      Tloc           4%         N/A       71%         4
 Freezing Cloud           Conj/Ice/Air   4%         6-21      90%         5
 Silence                  Hex/Air        2%         N/A       96%         5
 Lehudib's Crystal Spear  Conj/Erth      5%         10d3      100%        8


Dungeon Overview and Level Annotations

Branches:
Dungeon (4/15)            Ossuary (1/1)
 Temple: D:4-7

Altars:
Ru

Shops:
D:1 !   D:3 *


Message History

Confirm with . or Enter, or press ? or * to list all spells.
You conjure some foxfire!
The adder zombie bites you. The water moccasin zombie bites you.
The foxfire hits the water moccasin zombie.
The water moccasin zombie is lightly damaged.
The foxfire hits the centaur zombie.
The centaur zombie is lightly damaged.
The adder zombie barely misses you. The water moccasin zombie bites you.
The centaur zombie hits you.
The centaur zombie kicks you but does no damage.
Casting: Foxfire (safe; 2% risk of failure)
Confirm with . or Enter, or press ? or * to list all spells.
You conjure some foxfire!
The adder zombie closely misses you.
The water moccasin zombie barely misses you.
The centaur zombie hits you. The centaur zombie kicks you.
* * * LOW HITPOINT WARNING * * *
The foxfire hits the adder zombie.
You destroy the adder zombie!
The foxfire hits the centaur zombie.
The centaur zombie is moderately damaged.
The water moccasin zombie barely misses you.
The centaur zombie hits you.
* * * LOW HITPOINT WARNING * * *
The centaur zombie kicks you.
* * * LOW HITPOINT WARNING * * *
The water moccasin zombie bites you but does no damage.
A red film seems to cover your vision as you go berserk!
You feel yourself moving faster!
You feel mighty!
The centaur zombie completely misses you.
The centaur zombie closely misses you. The water moccasin zombie bites you.
* * * LOW HITPOINT WARNING * * *
The centaur zombie hits you.
* * * LOW HITPOINT WARNING * * *
The centaur zombie kicks you but does no damage.
You hit the centaur zombie.
The centaur zombie is heavily damaged.
You puncture the centaur zombie!
The centaur zombie is severely damaged.
The water moccasin zombie bites you!
You die...

#######
#∩....#
#∩....#
##'''######
#...@....##
#..ZZZ....##
#..........##
#...........#
#......8....#
##....8#8...#
###...8....#
##.......#
##......#


You could see a water moccasin zombie, a centaur zombie and an ogre zombie.

Vanquished Creatures
  An orc wizard (D:3)
  A mummy (D:4)
  5 adders
  3 adder zombies (Ossuary)
  2 worms
  4 orcs (D:3)
  6 ball pythons
  5 endoplasms (D:1)
  3 giant cockroaches
  6 goblins
  7 hobgoblins (D:1)
  8 kobolds
  6 quokkas
  9 bats
  15 frilled lizards
  A hobgoblin zombie (Ossuary)
  6 rats
88 creatures vanquished.

Vanquished Creatures (others)
  200 foxfires
200 creatures vanquished.

Grand Total: 288 creatures vanquished

Notes
Turn   | Place    | Note
-------+----------+-------------------------------------------
     0 | D:1      | Ijustatesigmund the Deep Elf Fire Elementalist began the
                  | quest for the Orb.
     0 | D:1      | Reached XP level 1. HP: 10/10 MP: 6/6
   192 | D:1      | Found Rismeg's Distillery.
   220 | D:1      | Reached XP level 2. HP: 16/16 MP: 5/8
   223 | D:1      | Learned a level 2 spell: Scorch
   592 | D:1      | Reached XP level 3. HP: 19/20 MP: 0/10
   772 | D:1      | Reached skill level 1 in Fighting
   933 | D:1      | Found a faded altar of an unknown god.
  2045 | D:2      | Reached XP level 4. HP: 24/25 MP: 6/11
  2052 | D:2      | Learned a level 4 spell: Flame Wave
  2577 | D:1      | Bought a potion of curing for 42 gold pieces
  3180 | D:3      | Found a sacrificial altar of Ru.
  3426 | D:3      | Found Miqaul's Assorted Antiques.
  3435 | D:3      | Bought a scroll labelled NOQATUCVABA for 25 gold pieces
  3464 | D:3      | Reached XP level 5. HP: 23/30 MP: 9/13
  4306 | D:4      | Found a sand-covered staircase.
  4314 | Ossuary  | Entered an ossuary
  4526 | Ossuary  | Slain by a water moccasin zombie

Illustrated notes

Levels and vault maps discovered:
D:1:      psy_arrival_radial02, layout_loops_corners, serial_shops, shop,
          hellmonk_ecumenical_altar_prayer_group, dreamdust_wishing_well,
          minmay_lizard_pond
D:2:      layout_basic
D:3:      layout_basic, nicolae_ru_great_annihilating_truth, serial_shops, shop
D:4:      gammafunk_steamed_eel, layout_basic, gup_ossuary_entry_pyramid,
          serial_co_window_serial, co_window_paths_a, co_window_paths_a,
          co_window_of_opportunity_a, co_window_paths_a,
          co_window_of_opportunity_a, co_window_corner_a, co_window_paths_a,
          co_window_corner_b, co_window_corner_cb, co_window_unsneaky_path_e,
          co_window_corner_b, co_window_broadway_b, co_window_of_opportunity_c,
          glass_columns_a, glass_columns_a, glass_columns_a, glass_columns_b,
          glass_columns_a, uniq_pikel
Ossuary:  ossuary_hellmonk_silent_tomb

Skill      XL: |  1  2  3  4 |
---------------+-------------+-----
Fighting       | 1 |  1.9
Conjurations   | 2 |  2.8
Fire Magic     | 4 |  4.4
Spellcasting   | 4 |  4.5
Dodging        | |  2.4
Stealth        | |  2.4
Shields        | |  0.5

Action                     |  1- 3 |  4- 6 || total
---------------------------+-------+-------++-------
  Melee: Short sword       |     5 |     7 ||    12
   Cast: Foxfire           |    59 |    58 ||   117
         Scorch            |    20 |    12 ||    32
    Use: Scroll            |       |     7 ||     7
         Potion            |       |     1 ||     1
 Armour: Robe              |     9 |    22 ||    31
  Dodge: Dodged            |    13 |    26 ||    39
  Block: Other             |     5 |     6 ||    11
         Reflection        |       |     1 ||     1

Table legend: (Time is in decaauts)
 A = Elapsed time spent in this place.
 B = Non-inter-level travel time spent in this place.
 C = Inter-level travel time spent in this place.
 D = Time resting spent in this place.
 E = Time spent auto-exploring this place.
 F = Levels seen in this place.
 G = Mean time per level.
                   A        B        C        D        E       F      G
               +--------+--------+--------+--------+--------+-----+--------+
         Total |   4535 |   4351 |    184 |    708 |   3130 |   5 |  907.0 |
       Dungeon |   4324 |   4140 |    184 |    555 |   3116 |   4 | 1081.0 |
       Ossuary |    211 |    211 |      0 |    153 |     14 |   1 |  211.0 |
               +--------+--------+--------+--------+--------+-----+--------+

Top non-repeatable levels by time:
     D:1: 1796 daAuts
     D:2: 1266 daAuts
     D:3: 1244 daAuts
 Ossuary: 211 daAuts
     D:4: 16 daAuts
